AoeStats
← tavoo

Arabia

507865713Analyzed
1v1 RM · 14d ago on Sep 20, 2026· 34m 1s· 2 players
Game mode
Random Map
Map size
Tiny (2 player)
Population
200
Speed
Normal
Resources
Standard
Victory
Conquest
Starting age
Dark Age
Ending age
Imperial Age
RankedLock teamsTeams togetherTeam positionsShared explorationLock speedFull tech treeHidden civsTurbo modeCheats
Victory
Defeat
🇦🇷 Japanese · Argentina
1409
+14
🇲🇽 Bulgarians · Mexico
1374
-14
tavoo
7:04 Loom
9:11 Feudal Age
11:42 Fletching
12:12 Double-Bit Axe
14:17 Forging
20:30 Padded Archer Armor
22:38 Scale Barding Armor
31:50 Castle Age
30:41 Stone Mining
31:09 Bloodlines
33:13 Bodkin Arrow
Lord_M@ster
7:23 Loom
9:55 Feudal Age
10:09 Man-at-Arms
10:47 Double-Bit Axe
14:36 Fletching
21:10 Padded Archer Armor
23:22 Wheelbarrow
29:33 Castle Age
27:35 Gold Mining
27:33 Horse Collar
28:35 Scale Mail Armor
29:36 Long Swordsman
30:17 Squires
30:47 Bow Saw
30:03 Pikeman
30:49 Arson
31:03 Gambesons
30:39 Pikeman
32:10 Chain Mail Armor
31:35 Crossbowman
34:00 Forging
34:27 Bodkin Arrow
Connection lost

Rejoining the realm…

Still unreachable

The connection could not be restored.

Session expired

The server has moved on; the page needs a fresh start.